[ PARTIDA AOE2 · #464956547 ]
UnrankedMongoles vs Byzantines
[ ANÁLISIS DE REPETICIÓN · EXTRAÍDO DE LA PARTIDA GRABADA ]
Feudal
12:19
Castillos
16:20
Imperial
45:55
| APM promedio | 46.1 |
| APM pico | 92 |
| eAPM promedio | 22.3 |
| Aldeanos / militares | 110 / 66 |
Foco
⚔️ 38.5% · 🌾 61.5%
Mangudai ×44 · Battering Ram ×12 · Scorpion ×8 · Trade Cart ×3 · Mangonel ×2
Feudal
12:05
Castillos
17:12
Imperial
25:25
| APM promedio | 37.8 |
| APM pico | 92 |
| eAPM promedio | 22.2 |
| Aldeanos / militares | 141 / 219 |
Foco
⚔️ 35.0% · 🌾 65.0%
Spearman ×173 · Hand Cannoneer ×20 · Monk ×11 · Cataphract ×10 · Trade Cart ×10 · Trebuchet (Packed) ×5
Feudal
10:32
Castillos
23:15
Imperial
—
| APM promedio | 40.5 |
| APM pico | 82 |
| eAPM promedio | 22.1 |
| Aldeanos / militares | 184 / 101 |
Foco
⚔️ 38.6% · 🌾 61.4%
Cavalry Archer ×83 · Militia ×9 · Skirmisher ×6 · Archer ×3
Feudal
9:51
Castillos
18:07
Imperial
26:02
| APM promedio | 34.3 |
| APM pico | 83 |
| eAPM promedio | 22.5 |
| Aldeanos / militares | 142 / 62 |
Foco
⚔️ 27.3% · 🌾 72.7%
Archer ×24 · Skirmisher ×13 · Bombard Cannon ×9 · Spearman ×6 · Monk ×5 · Trebuchet (Packed) ×4
Feudal
11:01
Castillos
14:31
Imperial
28:20
| APM promedio | 39.7 |
| APM pico | 93 |
| eAPM promedio | 27.3 |
| Aldeanos / militares | 221 / 223 |
Foco
⚔️ 25.7% · 🌾 74.3%
Spearman ×104 · Samurai ×98 · Trade Cart ×47 · Trebuchet (Packed) ×19 · Monk ×2
Feudal
10:51
Castillos
14:25
Imperial
28:25
| APM promedio | 44.2 |
| APM pico | 85 |
| eAPM promedio | 30.6 |
| Aldeanos / militares | 198 / 371 |
Foco
⚔️ 43.7% · 🌾 56.3%
Knight ×259 · Spearman ×109 · Trade Cart ×64 · Trebuchet (Packed) ×3
Feudal
11:56
Castillos
15:37
Imperial
30:01
| APM promedio | 32.9 |
| APM pico | 63 |
| eAPM promedio | 23.2 |
| Aldeanos / militares | 157 / 334 |
Foco
⚔️ 34.4% · 🌾 65.6%
Camel Scout ×216 · Scout Cavalry ×89 · Trade Cart ×43 · Gbeto ×29
Feudal
10:39
Castillos
14:21
Imperial
29:25
| APM promedio | 31.1 |
| APM pico | 77 |
| eAPM promedio | 21.6 |
| Aldeanos / militares | 145 / 316 |
Foco
⚔️ 46.7% · 🌾 53.3%
Leitis ×292 · Trade Cart ×26 · Trebuchet (Packed) ×14 · Battering Ram ×5 · Bombard Cannon ×3 · Monk ×2
Mapa de la partida
Recursos iniciales + cada clic de construcción. Líneas = muros · curvas = relieve. ◆ oro · ⬟ piedra · ● bayas · ✦ reliquia · ◌ hueco del cierre
Tu base
Base de Didi
Base de 16spritecranberry· Abierta — flanco sin cerrar
Base de JonnyTheMonkey
Base de BomBomB0· Abierta — flanco sin cerrar
Base de JB
Base de Matzeking· Abierta — flanco sin cerrar
Base de 梅子雨
Terreno inicial suavizado · ◌ = hueco del cierre detectado · pasá el cursor para detalles
Inputs por minuto
— Fluffy - - Didi
Build order — Fluffy
Primeras 150 de 331 acciones detectadas
| 0:00 | Crear | Villager (Male) |
| 0:01 | Construir | House |
| 0:02 | Construir | House |
| 0:05 | Crear | Villager (Male) |
| 0:06 | Crear | Villager (Male) |
| 0:10 | Crear | Villager (Male) |
| 0:32 | Investigar | Loom |
| 0:32 | Crear | Villager (Male) |
| 0:33 | Crear | Villager (Male) ×2 |
| 1:11 | Construir | Palisade Wall |
| 2:03 | Construir | Lumber Camp |
| 2:19 | Crear | Villager (Male) |
| 3:13 | Construir | Palisade Wall |
| 3:13 | Crear | Villager (Male) |
| 3:38 | Construir | Building 796 |
| 3:50 | Crear | Villager (Male) |
| 4:47 | Construir | Palisade Wall |
| 4:48 | Construir | Palisade Wall |
| 4:50 | Crear | Villager (Male) |
| 5:03 | Construir | Palisade Wall |
| 5:08 | Crear | Villager (Male) |
| 5:22 | Crear | Villager (Male) |
| 6:04 | Construir | House |
| 6:12 | Crear | Villager (Male) |
| 6:13 | Crear | Villager (Male) |
| 6:27 | Crear | Villager (Male) |
| 7:12 | Crear | Villager (Male) |
| 7:55 | Crear | Villager (Male) |
| 8:02 | Construir | House |
| 8:15 | Crear | Villager (Male) |
| 8:28 | Construir | Mill |
| 8:54 | Crear | Villager (Male) |
| 8:56 | Crear | Villager (Male) |
| 9:23 | Crear | Villager (Male) |
| 9:37 | Construir | Farm |
| 9:44 | Crear | Villager (Male) |
| 9:48 | Investigar | Feudal Age |
| 9:56 | Construir | Farm |
| 10:26 | Construir | Mining Camp |
| 10:41 | Construir | Palisade Wall |
| 10:47 | Crear | Villager (Male) |
| 11:14 | Construir | Palisade Wall |
| 11:16 | Construir | Palisade Wall |
| 11:28 | Crear | Villager (Male) |
| 11:46 | Construir | Palisade Wall |
| 11:50 | Construir | Palisade Wall |
| 12:19 | Edad | Edad Feudal |
| 12:22 | Construir | Market |
| 12:28 | Crear | Villager (Male) |
| 12:31 | Construir | Palisade Wall |
| 13:05 | Construir | Blacksmith |
| 13:11 | Crear | Villager (Male) |
| 13:14 | Construir | House |
| 13:30 | Construir | Stone Wall |
| 13:30 | Construir | Stone Wall |
| 13:40 | Investigar | Castle Age |
| 13:57 | Construir | Watch Tower |
| 14:01 | Construir | Stone Wall |
| 14:03 | Construir | Stone Wall |
| 14:03 | Construir | Stone Wall |
| 14:52 | Construir | Mining Camp |
| 14:55 | Construir | Stone Wall |
| 15:19 | Investigar | Double-Bit Axe |
| 15:20 | Crear | Villager (Male) |
| 15:49 | Construir | Stone Wall |
| 15:56 | Crear | Villager (Male) |
| 16:10 | Construir | Stone Wall |
| 16:20 | Edad | Edad de los Castillos |
| 16:38 | Crear | Villager (Male) |
| 17:04 | Crear | Villager (Male) |
| 17:09 | Construir | Lumber Camp |
| 17:31 | Crear | Villager (Male) |
| 18:22 | Crear | Villager (Male) |
| 18:30 | Construir | House |
| 18:40 | Construir | Castle |
| 18:47 | Investigar | Fletching |
| 18:47 | Crear | Villager (Male) |
| 19:07 | Crear | Villager (Male) |
| 19:11 | Crear | Villager (Male) |
| 19:28 | Crear | Villager (Male) |
| 19:29 | Crear | Villager (Male) |
| 19:41 | Investigar | Bodkin Arrow |
| 20:16 | Crear | Villager (Male) |
| 20:36 | Construir | Lumber Camp |
| 20:37 | Crear | Mangudai |
| 21:20 | Crear | Mangudai |
| 21:32 | Crear | Villager (Male) |
| 21:38 | Crear | Mangudai |
| 21:38 | Crear | Mangudai |
| 22:02 | Crear | Mangudai |
| 22:07 | Crear | Mangudai |
| 22:33 | Construir | Siege Workshop |
| 22:41 | Crear | Mangudai |
| 22:54 | Crear | Mangudai |
| 23:36 | Crear | Villager (Male) |
| 23:53 | Crear | Mangonel |
| 23:56 | Crear | Mangudai |
| 24:06 | Construir | Farm |
| 24:07 | Construir | Farm |
| 25:12 | Crear | Mangonel |
| 25:17 | Construir | Market |
| 25:37 | Crear | Mangudai |
| 25:38 | Crear | Mangudai |
| 25:50 | Crear | Mangudai |
| 26:30 | Crear | Mangudai |
| 26:36 | Construir | House |
| 26:56 | Crear | Villager (Male) |
| 27:00 | Construir | House |
| 27:10 | Crear | Mangudai |
| 27:26 | Crear | Mangudai |
| 27:33 | Construir | Farm |
| 27:49 | Construir | Building 490 |
| 27:51 | Construir | Stone Wall |
| 28:28 | Crear | Villager (Male) |
| 28:43 | Crear | Mangudai |
| 29:24 | Construir | Castle |
| 29:43 | Crear | Mangudai |
| 30:07 | Construir | Castle |
| 30:18 | Construir | House |
| 30:22 | Crear | Mangudai |
| 30:23 | Crear | Villager (Male) |
| 30:23 | Crear | Villager (Male) |
| 30:48 | Crear | Mangudai |
| 31:13 | Crear | Villager (Male) |
| 31:18 | Construir | Farm |
| 31:19 | Construir | Farm |
| 31:19 | Construir | Farm |
| 31:21 | Crear | Villager (Male) |
| 31:27 | Construir | Town Center |
| 31:33 | Construir | Town Center |
| 31:40 | Crear | Mangudai |
| 31:57 | Crear | Mangudai |
| 32:00 | Crear | Mangudai |
| 32:01 | Crear | Villager (Male) |
| 32:12 | Crear | Mangudai |
| 32:34 | Crear | Villager (Male) |
| 32:38 | Construir | House |
| 32:38 | Crear | Villager (Male) |
| 32:40 | Construir | Farm |
| 32:40 | Construir | Farm |
| 32:41 | Construir | Farm |
| 32:41 | Construir | Farm |
| 33:04 | Crear | Mangudai |
| 33:28 | Crear | Villager (Male) |
| 33:28 | Crear | Villager (Male) |
| 33:29 | Crear | Mangudai |
| 33:46 | Crear | Villager (Male) |
| 33:49 | Construir | Farm |
| 33:49 | Construir | Farm |
| 33:49 | Construir | Farm |
Build order — Didi
Primeras 150 de 398 acciones detectadas
| 0:01 | Crear | Villager (Male) ×4 |
| 0:01 | Crear | Villager (Male) ×4 |
| 0:02 | Construir | House |
| 0:03 | Construir | House |
| 0:06 | Investigar | Loom |
| 0:06 | Crear | Villager (Male) ×3 |
| 0:06 | Crear | Villager (Male) ×3 |
| 0:13 | Construir | Palisade Wall |
| 0:15 | Construir | Palisade Wall |
| 2:12 | Construir | Palisade Wall |
| 2:21 | Construir | Lumber Camp |
| 2:44 | Crear | Villager (Male) |
| 2:44 | Crear | Villager (Male) |
| 3:23 | Crear | Villager (Male) |
| 3:54 | Crear | Villager (Male) |
| 3:54 | Crear | Villager (Male) |
| 4:22 | Crear | Villager (Male) |
| 4:22 | Crear | Villager (Male) |
| 4:22 | Crear | Villager (Male) |
| 4:44 | Crear | Villager (Male) |
| 4:44 | Crear | Villager (Male) |
| 5:14 | Crear | Villager (Male) |
| 5:16 | Construir | House |
| 5:49 | Crear | Villager (Male) |
| 5:49 | Crear | Villager (Male) |
| 5:49 | Crear | Villager (Male) |
| 5:58 | Crear | Villager (Male) |
| 5:59 | Crear | Villager (Male) |
| 6:23 | Crear | Villager (Male) |
| 6:45 | Construir | Mill |
| 6:58 | Crear | Villager (Male) |
| 7:11 | Crear | Villager (Male) |
| 7:32 | Crear | Villager (Male) |
| 7:40 | Construir | House |
| 7:41 | Construir | House |
| 7:43 | Crear | Villager (Male) |
| 7:53 | Crear | Villager (Male) |
| 8:14 | Crear | Villager (Male) |
| 8:23 | Construir | Mining Camp |
| 8:29 | Construir | Palisade Wall |
| 8:29 | Construir | Palisade Wall |
| 9:27 | Crear | Villager (Male) |
| 9:55 | Investigar | Feudal Age |
| 9:55 | Investigar | Feudal Age |
| 9:55 | Investigar | Feudal Age |
| 10:11 | Construir | Palisade Wall |
| 10:14 | Construir | Palisade Wall |
| 10:52 | Construir | Palisade Wall |
| 10:56 | Construir | Palisade Wall |
| 10:58 | Construir | Palisade Wall |
| 11:05 | Crear | Villager (Male) |
| 11:18 | Crear | Villager (Male) |
| 12:05 | Edad | Edad Feudal |
| 12:08 | Crear | Villager (Male) |
| 12:10 | Construir | Market |
| 12:42 | Construir | Stone Wall |
| 13:02 | Construir | Palisade Wall |
| 13:15 | Construir | Stone Wall |
| 13:16 | Construir | Stone Wall |
| 13:16 | Construir | Stone Wall |
| 13:17 | Construir | Stone Wall |
| 13:17 | Construir | Stone Wall |
| 13:40 | Construir | Stone Wall |
| 13:41 | Construir | Stone Wall |
| 13:41 | Construir | Stone Wall |
| 13:45 | Construir | Stone Wall |
| 13:56 | Construir | Blacksmith |
| 14:32 | Investigar | Castle Age |
| 14:32 | Investigar | Castle Age |
| 14:41 | Investigar | Double-Bit Axe |
| 14:52 | Crear | Trade Cart |
| 15:26 | Investigar | Horse Collar |
| 15:36 | Construir | House |
| 15:50 | Construir | Outpost |
| 15:58 | Construir | Outpost |
| 16:06 | Construir | House |
| 16:09 | Construir | Outpost |
| 16:23 | Crear | Villager (Male) |
| 16:23 | Crear | Villager (Male) |
| 17:12 | Edad | Edad de los Castillos |
| 17:14 | Construir | Castle |
| 17:22 | Crear | Villager (Male) |
| 17:24 | Construir | Farm |
| 17:25 | Construir | Farm |
| 17:27 | Construir | Farm |
| 17:32 | Construir | Mining Camp |
| 17:39 | Construir | Farm |
| 17:54 | Investigar | Gold Mining |
| 18:37 | Crear | Villager (Male) |
| 18:45 | Construir | Farm |
| 18:48 | Construir | Farm |
| 19:05 | Construir | House |
| 19:05 | Construir | House |
| 19:07 | Construir | House |
| 19:08 | Crear | Cataphract |
| 19:08 | Crear | Cataphract |
| 19:32 | Crear | Cataphract |
| 19:32 | Crear | Cataphract |
| 19:40 | Construir | Farm |
| 19:42 | Construir | Farm |
| 20:07 | Crear | Cataphract |
| 20:08 | Crear | Cataphract |
| 21:16 | Construir | Mining Camp |
| 21:20 | Construir | Lumber Camp |
| 21:27 | Construir | Building 490 |
| 22:15 | Investigar | Imperial Age |
| 22:37 | Crear | Villager (Male) |
| 22:38 | Investigar | Fletching |
| 22:59 | Investigar | Bow Saw |
| 23:10 | Construir | Stone Wall |
| 23:31 | Crear | Villager (Male) |
| 23:50 | Crear | Villager (Male) |
| 23:52 | Crear | Cataphract |
| 23:52 | Crear | Cataphract |
| 24:12 | Construir | Monastery |
| 24:16 | Investigar | Scale Barding Armor |
| 24:18 | Crear | Trade Cart |
| 24:36 | Crear | Cataphract |
| 24:50 | Crear | Cataphract |
| 24:57 | Construir | Stone Wall |
| 24:58 | Construir | Stone Wall |
| 24:58 | Construir | Stone Wall |
| 24:59 | Construir | Stone Wall |
| 24:59 | Construir | Stone Wall |
| 25:00 | Construir | Stone Wall |
| 25:02 | Crear | Monk |
| 25:25 | Crear | Monk |
| 25:25 | Edad | Edad Imperial |
| 25:31 | Crear | Trebuchet (Packed) |
| 25:36 | Crear | Villager (Male) |
| 25:50 | Construir | Town Center |
| 25:53 | Crear | Villager (Male) |
| 26:01 | Crear | Trebuchet (Packed) |
| 26:32 | Crear | Villager (Male) |
| 27:11 | Crear | Trebuchet (Packed) |
| 27:23 | Crear | Villager (Male) |
| 27:26 | Investigar | Stone Mining |
| 27:40 | Crear | Villager (Male) |
| 27:44 | Crear | Villager (Male) |
| 27:46 | Crear | Monk |
| 27:49 | Crear | Villager (Male) |
| 27:49 | Crear | Villager (Male) |
| 28:13 | Crear | Villager (Male) |
| 28:14 | Crear | Villager (Male) |
| 28:41 | Crear | Villager (Male) |
| 28:41 | Crear | Villager (Male) |
| 28:42 | Crear | Trebuchet (Packed) |
| 29:15 | Crear | Trebuchet (Packed) |
| 29:26 | Crear | Villager (Male) |
| 29:27 | Crear | Villager (Male) |
Build order — 16spritecranberry
Primeras 150 de 406 acciones detectadas
| 0:01 | Crear | Villager (Male) |
| 0:01 | Crear | Villager (Male) |
| 0:01 | Crear | Villager (Male) |
| 0:02 | Construir | House |
| 0:03 | Construir | House |
| 0:12 | Crear | Villager (Male) |
| 0:13 | Crear | Villager (Male) |
| 1:08 | Investigar | Loom |
| 1:19 | Crear | Villager (Male) |
| 1:49 | Construir | Palisade Wall |
| 1:50 | Construir | Palisade Wall |
| 2:03 | Crear | Villager (Male) |
| 2:03 | Crear | Villager (Male) |
| 2:14 | Construir | Palisade Wall |
| 2:28 | Construir | Palisade Wall |
| 2:39 | Crear | Villager (Male) |
| 3:03 | Construir | House |
| 3:05 | Crear | Villager (Male) |
| 3:05 | Crear | Villager (Male) |
| 3:15 | Crear | Villager (Male) |
| 3:15 | Crear | Villager (Male) |
| 3:45 | Construir | Palisade Wall |
| 4:11 | Crear | Villager (Male) |
| 4:12 | Crear | Villager (Male) |
| 4:12 | Crear | Villager (Male) |
| 4:29 | Crear | Villager (Male) |
| 4:29 | Crear | Villager (Male) |
| 4:56 | Crear | Villager (Male) |
| 4:56 | Crear | Villager (Male) |
| 4:57 | Crear | Villager (Male) |
| 5:21 | Construir | Lumber Camp |
| 5:23 | Crear | Villager (Male) |
| 6:03 | Crear | Villager (Male) |
| 6:04 | Crear | Villager (Male) |
| 6:50 | Crear | Villager (Male) |
| 6:54 | Construir | House |
| 6:56 | Construir | Mill |
| 7:31 | Construir | House |
| 7:55 | Crear | Villager (Male) |
| 8:22 | Investigar | Feudal Age |
| 8:22 | Investigar | Feudal Age |
| 8:31 | Construir | Barracks |
| 8:36 | Construir | House |
| 8:55 | Crear | Villager (Male) |
| 9:39 | Crear | Militia |
| 9:42 | Construir | Mining Camp |
| 9:45 | Crear | Militia |
| 10:31 | Construir | House |
| 10:32 | Edad | Edad Feudal |
| 10:37 | Construir | Archery Range |
| 10:41 | Crear | Villager (Male) |
| 11:03 | Crear | Villager (Male) |
| 11:06 | Investigar | Double-Bit Axe |
| 11:30 | Crear | Archer |
| 11:30 | Crear | Archer |
| 11:45 | Crear | Militia |
| 11:47 | Crear | Villager (Male) |
| 11:56 | Crear | Villager (Male) |
| 12:19 | Crear | Villager (Male) |
| 12:26 | Investigar | Horse Collar |
| 12:43 | Crear | Archer |
| 12:50 | Construir | Watch Tower |
| 12:59 | Construir | Mining Camp |
| 13:01 | Crear | Villager (Male) |
| 13:06 | Construir | Farm |
| 13:27 | Investigar | Man-at-Arms (upgrade) |
| 13:28 | Crear | Villager (Male) |
| 13:28 | Crear | Villager (Male) |
| 13:33 | Construir | Farm |
| 13:48 | Crear | Militia |
| 14:02 | Crear | Villager (Male) |
| 14:05 | Construir | Farm |
| 14:19 | Crear | Militia |
| 14:19 | Crear | Militia |
| 14:23 | Investigar | Arson |
| 14:23 | Crear | Militia |
| 14:29 | Construir | Farm |
| 14:30 | Crear | Villager (Male) |
| 14:32 | Construir | Farm |
| 14:59 | Crear | Militia |
| 15:03 | Construir | Farm |
| 15:05 | Construir | Farm |
| 15:08 | Crear | Villager (Male) |
| 15:33 | Construir | Blacksmith |
| 15:40 | Construir | House |
| 15:46 | Construir | House |
| 16:03 | Investigar | Fletching |
| 16:05 | Crear | Villager (Male) |
| 16:11 | Construir | Farm |
| 16:18 | Construir | Farm |
| 16:22 | Construir | House |
| 16:48 | Construir | Watch Tower |
| 16:59 | Crear | Villager (Male) |
| 17:00 | Crear | Villager (Male) |
| 17:01 | Construir | Farm |
| 17:04 | Construir | Farm |
| 17:20 | Crear | Militia |
| 17:26 | Construir | Farm |
| 17:34 | Crear | Villager (Male) |
| 18:18 | Crear | Villager (Male) |
| 18:19 | Crear | Villager (Male) |
| 18:35 | Construir | Farm |
| 18:40 | Construir | Farm |
| 18:48 | Construir | Farm |
| 19:08 | Crear | Villager (Male) |
| 19:13 | Construir | Farm |
| 19:15 | Construir | Farm |
| 20:05 | Construir | Market |
| 20:27 | Crear | Villager (Male) |
| 20:32 | Construir | Farm |
| 20:35 | Investigar | Castle Age |
| 20:44 | Construir | Stone Wall |
| 20:50 | Construir | Stone Wall |
| 20:55 | Construir | Stone Wall |
| 20:56 | Crear | Villager (Male) |
| 21:08 | Crear | Skirmisher |
| 21:08 | Crear | Skirmisher |
| 21:10 | Construir | Building 490 |
| 21:15 | Construir | Building 665 |
| 22:01 | Crear | Villager (Male) |
| 22:20 | Crear | Skirmisher |
| 22:20 | Crear | Skirmisher |
| 22:41 | Construir | Watch Tower |
| 22:49 | Crear | Skirmisher |
| 23:15 | Edad | Edad de los Castillos |
| 23:20 | Investigar | Bodkin Arrow |
| 23:49 | Construir | Mining Camp |
| 23:54 | Crear | Villager (Male) |
| 23:55 | Crear | Villager (Male) |
| 24:00 | Construir | House |
| 24:01 | Construir | House |
| 24:06 | Construir | House |
| 24:10 | Construir | House |
| 24:28 | Crear | Skirmisher |
| 24:41 | Construir | Lumber Camp |
| 24:43 | Crear | Villager (Male) |
| 24:52 | Construir | Town Center |
| 25:27 | Construir | Town Center |
| 25:43 | Construir | House |
| 26:17 | Crear | Villager (Male) |
| 26:18 | Crear | Villager (Male) |
| 26:18 | Crear | Villager (Male) |
| 26:18 | Crear | Villager (Male) |
| 26:38 | Crear | Villager (Male) |
| 26:38 | Crear | Villager (Male) |
| 26:38 | Crear | Villager (Male) |
| 26:44 | Crear | Villager (Male) |
| 27:00 | Construir | University |
| 27:11 | Crear | Villager (Male) |
| 27:18 | Crear | Villager (Male) |
Build order — JonnyTheMonkey
Primeras 150 de 442 acciones detectadas
| 0:01 | Crear | Villager (Male) |
| 0:02 | Investigar | Loom |
| 0:03 | Construir | House |
| 0:05 | Construir | House |
| 0:21 | Crear | Villager (Male) |
| 0:32 | Crear | Villager (Male) |
| 0:32 | Crear | Villager (Male) |
| 0:33 | Crear | Villager (Male) |
| 1:51 | Construir | Palisade Wall |
| 1:57 | Construir | Palisade Wall |
| 1:59 | Crear | Villager (Male) |
| 2:11 | Construir | Palisade Wall |
| 2:17 | Construir | Palisade Wall |
| 2:20 | Construir | Palisade Wall |
| 2:32 | Crear | Villager (Male) |
| 2:54 | Construir | Palisade Wall |
| 2:56 | Construir | Palisade Wall |
| 2:57 | Construir | Palisade Wall |
| 2:59 | Construir | Palisade Wall |
| 3:01 | Construir | Palisade Wall |
| 3:05 | Crear | Villager (Male) |
| 3:06 | Crear | Villager (Male) |
| 3:24 | Crear | Villager (Male) |
| 3:34 | Construir | Palisade Wall |
| 3:39 | Construir | Lumber Camp |
| 3:49 | Crear | Villager (Male) |
| 4:22 | Crear | Villager (Male) |
| 4:23 | Crear | Villager (Male) |
| 4:41 | Construir | House |
| 4:46 | Crear | Villager (Male) |
| 4:46 | Crear | Villager (Male) |
| 5:11 | Crear | Villager (Male) |
| 5:34 | Crear | Villager (Male) |
| 5:59 | Crear | Villager (Male) |
| 6:08 | Construir | House |
| 6:24 | Crear | Villager (Male) |
| 6:46 | Crear | Villager (Male) |
| 7:15 | Crear | Villager (Male) |
| 7:23 | Construir | Mill |
| 7:43 | Crear | Villager (Male) |
| 7:56 | Crear | Villager (Male) |
| 8:07 | Construir | House |
| 8:32 | Investigar | Feudal Age |
| 9:34 | Crear | Villager (Male) |
| 9:38 | Construir | Barracks |
| 9:51 | Edad | Edad Feudal |
| 9:59 | Investigar | Double-Bit Axe |
| 10:14 | Crear | Villager (Male) |
| 10:35 | Crear | Villager (Male) |
| 10:42 | Construir | Archery Range |
| 10:48 | Crear | Villager (Male) |
| 10:57 | Construir | Stone Wall |
| 10:59 | Construir | Stone Wall |
| 11:02 | Construir | Stone Wall |
| 11:07 | Crear | Villager (Male) |
| 11:15 | Construir | House |
| 11:27 | Crear | Villager (Male) |
| 11:42 | Construir | Blacksmith |
| 11:48 | Crear | Villager (Male) |
| 12:11 | Investigar | Horse Collar |
| 12:32 | Construir | Stone Wall |
| 12:39 | Construir | Stone Wall |
| 12:41 | Crear | Villager (Male) |
| 12:44 | Construir | Mining Camp |
| 13:03 | Construir | House |
| 13:04 | Construir | House |
| 13:09 | Crear | Villager (Male) |
| 13:16 | Construir | Farm |
| 13:22 | Construir | Farm |
| 13:23 | Crear | Villager (Male) |
| 13:33 | Crear | Villager (Male) |
| 13:36 | Construir | Mining Camp |
| 13:41 | Construir | Farm |
| 14:00 | Crear | Villager (Male) |
| 14:03 | Construir | Farm |
| 14:06 | Construir | Farm |
| 14:13 | Construir | Farm |
| 14:20 | Construir | Farm |
| 14:35 | Construir | Farm |
| 14:40 | Crear | Villager (Male) |
| 14:48 | Construir | Outpost |
| 14:52 | Construir | Outpost |
| 14:56 | Investigar | Town Watch |
| 15:02 | Construir | Outpost |
| 15:06 | Construir | Outpost |
| 15:08 | Crear | Villager (Male) |
| 15:11 | Construir | Farm |
| 15:11 | Construir | Farm |
| 15:15 | Construir | Farm |
| 15:22 | Construir | Farm |
| 15:38 | Crear | Villager (Male) |
| 15:42 | Construir | Farm |
| 15:59 | Crear | Villager (Male) |
| 16:18 | Construir | Lumber Camp |
| 16:30 | Investigar | Castle Age |
| 16:30 | Investigar | Castle Age |
| 16:49 | Investigar | Stone Mining |
| 16:53 | Investigar | Gold Mining |
| 17:44 | Construir | Farm |
| 17:47 | Construir | Farm |
| 17:50 | Construir | Farm |
| 18:03 | Crear | Villager (Male) |
| 18:03 | Crear | Villager (Male) |
| 18:07 | Edad | Edad de los Castillos |
| 18:13 | Investigar | Bow Saw |
| 18:50 | Investigar | Wheelbarrow |
| 19:09 | Construir | Monastery |
| 19:43 | Construir | Castle |
| 19:49 | Construir | Stone Wall |
| 19:52 | Construir | Stone Wall |
| 19:55 | Crear | Monk |
| 20:10 | Construir | Building 487 |
| 20:12 | Construir | House |
| 20:15 | Construir | House |
| 20:17 | Construir | House |
| 20:30 | Crear | Monk |
| 20:42 | Crear | Monk |
| 21:08 | Crear | Villager (Male) |
| 21:09 | Crear | Villager (Male) |
| 21:32 | Construir | Stone Wall |
| 21:37 | Crear | Villager (Male) |
| 22:03 | Construir | Mining Camp |
| 22:21 | Construir | Stone Wall |
| 22:25 | Crear | Villager (Male) |
| 22:29 | Investigar | Gold Shaft Mining |
| 22:46 | Crear | Villager (Male) |
| 23:06 | Crear | Villager (Male) |
| 23:32 | Construir | University |
| 23:33 | Construir | Market |
| 23:36 | Construir | Lumber Camp |
| 23:43 | Crear | Villager (Male) |
| 24:03 | Investigar | Imperial Age |
| 24:35 | Construir | Town Center |
| 24:44 | Construir | Town Center |
| 25:03 | Investigar | Fletching |
| 25:06 | Investigar | Crossbowman (upgrade) |
| 25:21 | Construir | Farm |
| 25:24 | Investigar | Heavy Plow |
| 25:42 | Construir | Farm |
| 25:54 | Investigar | Masonry |
| 26:01 | Construir | Farm |
| 26:02 | Edad | Edad Imperial |
| 26:04 | Crear | Trebuchet (Packed) |
| 26:15 | Investigar | Block Printing |
| 26:16 | Crear | Villager (Male) |
| 26:16 | Crear | Villager (Male) |
| 26:23 | Crear | Villager (Male) |
| 26:24 | Crear | Villager (Male) |
| 26:29 | Crear | Trebuchet (Packed) |
| 26:54 | Crear | Villager (Male) |
Build order — BomBomB0
Primeras 150 de 570 acciones detectadas
| 0:00 | Crear | Villager (Male) |
| 0:00 | Crear | Villager (Male) |
| 0:02 | Construir | House |
| 0:03 | Construir | House |
| 0:16 | Crear | Villager (Male) ×2 |
| 1:24 | Construir | Lumber Camp |
| 1:26 | Crear | Villager (Male) |
| 2:02 | Crear | Villager (Male) |
| 2:18 | Crear | Villager (Male) |
| 2:52 | Crear | Villager (Male) |
| 3:01 | Crear | Villager (Male) |
| 3:31 | Construir | House |
| 3:32 | Construir | House |
| 3:44 | Crear | Villager (Male) |
| 3:53 | Crear | Villager (Male) |
| 4:27 | Construir | Mill |
| 4:35 | Crear | Villager (Male) |
| 4:50 | Crear | Villager (Male) |
| 5:30 | Crear | Villager (Male) |
| 5:42 | Crear | Villager (Male) |
| 5:42 | Crear | Villager (Male) |
| 6:03 | Construir | House |
| 6:15 | Crear | Villager (Male) |
| 6:30 | Crear | Villager (Male) |
| 6:35 | Construir | Palisade Gate |
| 7:00 | Crear | Villager (Male) ×3 |
| 7:25 | Crear | Villager (Male) |
| 7:35 | Construir | Mill |
| 7:39 | Crear | Villager (Male) |
| 8:24 | Crear | Villager (Male) |
| 8:30 | Construir | Mining Camp |
| 8:47 | Investigar | Feudal Age |
| 8:58 | Construir | Farm |
| 9:09 | Construir | Farm |
| 10:44 | Construir | Lumber Camp |
| 10:52 | Crear | Villager (Male) |
| 10:52 | Crear | Villager (Male) |
| 11:01 | Edad | Edad Feudal |
| 11:03 | Construir | Market |
| 11:04 | Construir | Blacksmith |
| 11:26 | Investigar | Double-Bit Axe |
| 11:48 | Investigar | Castle Age |
| 12:39 | Investigar | Horse Collar |
| 13:15 | Construir | House |
| 13:23 | Construir | Lumber Camp |
| 13:29 | Construir | House |
| 14:31 | Edad | Edad de los Castillos |
| 14:33 | Crear | Villager (Male) |
| 14:35 | Construir | Town Center |
| 14:41 | Construir | Town Center |
| 14:52 | Construir | Monastery |
| 14:56 | Crear | Villager (Male) |
| 15:15 | Construir | Farm |
| 15:16 | Construir | Farm |
| 15:19 | Crear | Villager (Male) |
| 15:21 | Crear | Villager (Male) |
| 15:26 | Construir | Farm |
| 15:38 | Construir | Farm |
| 15:41 | Crear | Villager (Male) |
| 15:43 | Crear | Monk |
| 15:54 | Crear | Villager (Male) |
| 16:05 | Construir | Farm |
| 16:06 | Construir | Farm |
| 16:07 | Construir | Farm |
| 16:08 | Crear | Villager (Male) |
| 16:10 | Construir | Farm |
| 16:17 | Crear | Villager (Male) |
| 16:25 | Construir | Farm |
| 16:28 | Crear | Villager (Male) |
| 16:32 | Crear | Villager (Male) |
| 16:35 | Crear | Villager (Male) |
| 16:42 | Construir | Farm |
| 16:43 | Crear | Villager (Male) |
| 16:50 | Construir | Farm |
| 16:53 | Crear | Villager (Male) |
| 17:00 | Crear | Villager (Male) |
| 17:08 | Crear | Villager (Male) |
| 17:12 | Crear | Villager (Male) |
| 17:14 | Construir | Farm |
| 17:15 | Crear | Villager (Male) |
| 17:20 | Crear | Villager (Male) |
| 17:32 | Crear | Villager (Male) |
| 17:35 | Construir | Farm |
| 17:36 | Construir | Farm |
| 17:38 | Construir | Farm |
| 17:39 | Construir | Farm |
| 17:43 | Crear | Villager (Male) |
| 17:46 | Construir | Farm |
| 17:47 | Construir | Farm |
| 17:49 | Construir | Farm |
| 17:53 | Construir | Farm |
| 17:54 | Crear | Villager (Male) |
| 17:59 | Construir | House |
| 18:11 | Construir | Farm |
| 18:14 | Crear | Villager (Male) |
| 18:14 | Crear | Villager (Male) |
| 18:14 | Crear | Villager (Male) |
| 18:20 | Construir | Farm |
| 18:24 | Construir | House |
| 18:35 | Construir | Farm |
| 18:36 | Crear | Villager (Male) |
| 18:44 | Construir | Farm |
| 18:45 | Crear | Villager (Male) |
| 18:55 | Crear | Villager (Male) |
| 19:05 | Investigar | Bow Saw |
| 19:07 | Crear | Villager (Male) |
| 19:28 | Construir | Town Center |
| 19:30 | Crear | Villager (Male) |
| 19:38 | Construir | Farm |
| 19:49 | Crear | Villager (Male) |
| 19:49 | Crear | Villager (Male) |
| 19:49 | Crear | Villager (Male) |
| 20:03 | Crear | Villager (Male) |
| 20:04 | Crear | Villager (Male) |
| 20:07 | Construir | House |
| 20:10 | Construir | House |
| 20:12 | Construir | House |
| 20:13 | Construir | House |
| 20:14 | Construir | House |
| 20:14 | Construir | House |
| 20:14 | Construir | House |
| 20:15 | Construir | House |
| 20:25 | Construir | Market |
| 20:29 | Crear | Villager (Male) |
| 20:31 | Investigar | Wheelbarrow |
| 20:31 | Investigar | Town Watch |
| 20:34 | Crear | Villager (Male) |
| 20:41 | Construir | Lumber Camp |
| 20:55 | Crear | Villager (Male) |
| 20:55 | Crear | Villager (Male) |
| 20:55 | Crear | Villager (Male) |
| 21:07 | Crear | Villager (Male) |
| 21:07 | Crear | Villager (Male) |
| 21:10 | Crear | Trade Cart |
| 21:19 | Crear | Villager (Male) |
| 21:23 | Construir | Farm |
| 21:25 | Construir | House |
| 21:26 | Crear | Villager (Male) |
| 21:28 | Crear | Villager (Male) |
| 21:36 | Crear | Villager (Male) |
| 21:39 | Construir | Farm |
| 21:41 | Construir | Farm |
| 21:44 | Construir | Farm |
| 21:45 | Construir | Farm |
| 21:46 | Construir | Farm |
| 21:47 | Construir | Farm |
| 21:49 | Crear | Villager (Male) |
| 21:53 | Investigar | Heavy Plow |
| 21:58 | Crear | Villager (Male) |
| 22:00 | Crear | Trade Cart ×3 |
Build order — JB
Primeras 150 de 864 acciones detectadas
| 0:01 | Crear | Villager (Male) |
| 0:01 | Crear | Villager (Male) |
| 0:02 | Construir | House |
| 0:03 | Construir | House |
| 0:13 | Crear | Villager (Male) |
| 0:14 | Crear | Villager (Male) |
| 0:14 | Crear | Villager (Male) |
| 0:14 | Crear | Villager (Male) |
| 1:24 | Crear | Villager (Male) |
| 1:44 | Construir | Lumber Camp |
| 2:26 | Crear | Villager (Male) |
| 2:26 | Crear | Villager (Male) |
| 2:26 | Crear | Villager (Male) |
| 2:47 | Crear | Villager (Male) |
| 2:47 | Crear | Villager (Male) |
| 3:01 | Crear | Villager (Male) |
| 3:33 | Crear | Villager (Male) |
| 3:34 | Crear | Villager (Male) |
| 3:48 | Crear | Villager (Male) |
| 3:48 | Crear | Villager (Male) |
| 4:09 | Construir | House |
| 4:30 | Crear | Villager (Male) |
| 4:30 | Crear | Villager (Male) |
| 4:32 | Crear | Villager (Male) |
| 4:32 | Crear | Villager (Male) |
| 4:34 | Construir | Outpost |
| 4:37 | Construir | Mill |
| 5:30 | Crear | Villager (Male) |
| 5:30 | Crear | Villager (Male) |
| 5:35 | Crear | Villager (Male) |
| 5:50 | Construir | House |
| 6:06 | Crear | Villager (Male) |
| 6:06 | Crear | Villager (Male) |
| 6:13 | Crear | Villager (Male) |
| 6:13 | Crear | Villager (Male) |
| 6:36 | Crear | Villager (Male) |
| 6:37 | Crear | Villager (Male) |
| 6:53 | Crear | Villager (Male) |
| 6:53 | Crear | Villager (Male) |
| 6:54 | Crear | Villager (Male) |
| 6:55 | Construir | Farm |
| 6:56 | Construir | Farm |
| 7:03 | Crear | Villager (Male) |
| 7:08 | Construir | Farm |
| 7:34 | Crear | Villager (Male) |
| 8:19 | Construir | House |
| 8:24 | Construir | Mining Camp |
| 8:37 | Investigar | Feudal Age |
| 8:37 | Investigar | Feudal Age |
| 8:38 | Investigar | Feudal Age |
| 10:28 | Crear | Villager (Male) |
| 10:28 | Crear | Villager (Male) |
| 10:51 | Edad | Edad Feudal |
| 10:54 | Construir | Market |
| 10:58 | Construir | Blacksmith |
| 11:45 | Investigar | Castle Age |
| 11:45 | Investigar | Castle Age |
| 12:05 | Construir | House |
| 12:08 | Investigar | Double-Bit Axe |
| 12:24 | Construir | House |
| 12:39 | Construir | Farm |
| 12:42 | Construir | Farm |
| 13:10 | Crear | Villager (Male) |
| 13:10 | Crear | Villager (Male) |
| 14:25 | Edad | Edad de los Castillos |
| 14:26 | Construir | Town Center |
| 14:35 | Construir | Town Center |
| 14:44 | Investigar | Bow Saw |
| 14:44 | Investigar | Bow Saw |
| 14:51 | Crear | Villager (Male) |
| 14:59 | Construir | Farm |
| 15:14 | Construir | Farm |
| 15:15 | Crear | Villager (Male) |
| 15:23 | Crear | Villager (Male) |
| 15:28 | Construir | Farm |
| 15:30 | Crear | Villager (Male) |
| 15:44 | Construir | Farm |
| 15:47 | Construir | Farm |
| 15:48 | Crear | Villager (Male) |
| 15:52 | Crear | Villager (Male) |
| 15:54 | Crear | Villager (Male) |
| 15:56 | Crear | Villager (Male) |
| 16:09 | Investigar | Wheelbarrow |
| 16:09 | Crear | Villager (Male) |
| 16:09 | Crear | Villager (Male) |
| 16:13 | Construir | Farm |
| 16:14 | Crear | Villager (Male) |
| 16:22 | Construir | Farm |
| 16:30 | Construir | Farm |
| 16:41 | Construir | Farm |
| 16:43 | Crear | Villager (Male) |
| 16:47 | Crear | Villager (Male) |
| 17:05 | Construir | Farm |
| 17:07 | Construir | Farm |
| 17:14 | Construir | House |
| 17:15 | Crear | Villager (Male) |
| 17:15 | Crear | Villager (Male) |
| 17:16 | Crear | Villager (Male) |
| 17:18 | Construir | Farm |
| 17:21 | Construir | Farm |
| 17:31 | Construir | Farm |
| 17:33 | Crear | Villager (Male) |
| 17:33 | Crear | Villager (Male) |
| 17:40 | Construir | Farm |
| 17:49 | Crear | Villager (Male) |
| 17:49 | Crear | Villager (Male) |
| 17:54 | Construir | Farm |
| 17:55 | Crear | Villager (Male) |
| 17:55 | Crear | Villager (Male) |
| 17:56 | Crear | Villager (Male) |
| 18:04 | Crear | Villager (Male) |
| 18:04 | Crear | Villager (Male) |
| 18:12 | Construir | House |
| 18:13 | Construir | House |
| 18:18 | Crear | Villager (Male) |
| 18:21 | Construir | Farm |
| 18:27 | Crear | Villager (Male) |
| 18:27 | Crear | Villager (Male) |
| 18:29 | Crear | Villager (Male) |
| 18:31 | Construir | Farm |
| 18:35 | Construir | Farm |
| 18:37 | Crear | Villager (Male) |
| 18:37 | Crear | Villager (Male) |
| 18:42 | Construir | Farm |
| 18:53 | Construir | Farm |
| 18:55 | Crear | Villager (Male) |
| 18:58 | Crear | Villager (Male) |
| 18:58 | Crear | Villager (Male) |
| 19:00 | Construir | Farm |
| 19:01 | Crear | Villager (Male) |
| 19:01 | Crear | Villager (Male) |
| 19:01 | Crear | Villager (Male) |
| 19:07 | Crear | Villager (Male) |
| 19:12 | Construir | Mining Camp |
| 19:19 | Crear | Villager (Male) |
| 19:23 | Construir | House |
| 19:24 | Construir | House |
| 19:26 | Crear | Villager (Male) |
| 19:31 | Construir | Farm |
| 19:32 | Crear | Villager (Male) |
| 19:39 | Construir | Farm |
| 19:40 | Crear | Villager (Male) |
| 19:42 | Crear | Villager (Male) |
| 19:47 | Crear | Villager (Male) |
| 19:59 | Crear | Villager (Male) |
| 20:00 | Crear | Villager (Male) |
| 20:03 | Construir | House |
| 20:05 | Construir | House |
| 20:10 | Crear | Villager (Male) |
| 20:13 | Construir | Farm |
Build order — Matzeking
Primeras 150 de 651 acciones detectadas
| 0:04 | Crear | Villager (Male) |
| 0:04 | Crear | Villager (Male) |
| 0:04 | Crear | Villager (Male) |
| 0:06 | Construir | House |
| 0:07 | Construir | House |
| 0:37 | Crear | Villager (Male) |
| 0:38 | Crear | Villager (Male) |
| 1:48 | Crear | Villager (Male) |
| 2:15 | Crear | Villager (Male) |
| 2:16 | Crear | Villager (Male) |
| 2:56 | Crear | Villager (Male) |
| 3:12 | Construir | Lumber Camp |
| 3:13 | Crear | Villager (Male) |
| 3:13 | Crear | Villager (Male) |
| 3:19 | Construir | House |
| 3:50 | Crear | Villager (Male) |
| 4:15 | Crear | Villager (Male) |
| 4:36 | Crear | Villager (Male) |
| 4:36 | Crear | Villager (Male) |
| 5:25 | Construir | House |
| 5:35 | Crear | Villager (Male) |
| 5:41 | Construir | Mill |
| 5:45 | Crear | Villager (Male) |
| 6:04 | Crear | Villager (Male) |
| 6:44 | Crear | Villager (Male) |
| 7:03 | Construir | House |
| 7:14 | Crear | Villager (Male) |
| 7:33 | Crear | Villager (Male) |
| 8:04 | Crear | Villager (Male) |
| 8:31 | Crear | Villager (Male) |
| 8:50 | Crear | Villager (Male) |
| 9:20 | Crear | Villager (Male) |
| 9:22 | Investigar | Feudal Age |
| 9:27 | Construir | Mining Camp |
| 10:10 | Construir | House |
| 11:56 | Edad | Edad Feudal |
| 12:00 | Crear | Villager (Male) |
| 12:04 | Construir | Market |
| 12:06 | Construir | Blacksmith |
| 12:18 | Crear | Villager (Male) |
| 12:22 | Investigar | Double-Bit Axe |
| 12:57 | Investigar | Castle Age |
| 12:57 | Investigar | Castle Age |
| 13:05 | Investigar | Horse Collar |
| 13:11 | Construir | Farm |
| 13:12 | Construir | Farm |
| 13:12 | Construir | Farm |
| 13:58 | Construir | Farm |
| 14:00 | Construir | Farm |
| 14:01 | Construir | Farm |
| 15:22 | Crear | Villager (Male) |
| 15:37 | Edad | Edad de los Castillos |
| 15:40 | Construir | Town Center |
| 15:45 | Construir | Town Center |
| 15:47 | Crear | Villager (Male) |
| 15:58 | Construir | Town Center |
| 16:03 | Investigar | Heavy Plow |
| 16:07 | Investigar | Bow Saw |
| 16:08 | Crear | Villager (Male) |
| 16:13 | Construir | Farm |
| 16:14 | Construir | Farm |
| 16:16 | Construir | Farm |
| 16:29 | Crear | Villager (Male) |
| 16:56 | Crear | Villager (Male) |
| 16:59 | Construir | Farm |
| 17:08 | Construir | Farm |
| 17:09 | Crear | Villager (Male) |
| 17:16 | Construir | Farm |
| 17:20 | Construir | Farm |
| 17:21 | Crear | Villager (Male) |
| 17:28 | Construir | Farm |
| 17:33 | Construir | Farm |
| 17:33 | Crear | Villager (Male) |
| 17:36 | Crear | Villager (Male) |
| 17:40 | Crear | Villager (Male) |
| 17:43 | Crear | Villager (Male) |
| 17:46 | Construir | Farm |
| 17:52 | Construir | Farm |
| 17:53 | Construir | Farm |
| 17:53 | Crear | Villager (Male) |
| 17:59 | Crear | Villager (Male) |
| 18:02 | Crear | Villager (Male) |
| 18:04 | Construir | Farm |
| 18:11 | Construir | Farm |
| 18:12 | Crear | Villager (Male) |
| 18:12 | Crear | Villager (Male) |
| 18:21 | Construir | Farm |
| 18:21 | Crear | Villager (Male) |
| 18:31 | Construir | House |
| 18:32 | Construir | House |
| 18:33 | Crear | Villager (Male) |
| 18:35 | Crear | Villager (Male) |
| 18:35 | Crear | Villager (Male) |
| 18:35 | Crear | Villager (Male) |
| 18:41 | Construir | Farm |
| 18:48 | Construir | Farm |
| 18:49 | Crear | Villager (Male) |
| 18:54 | Crear | Villager (Male) |
| 18:59 | Crear | Villager (Male) |
| 19:05 | Construir | Farm |
| 19:05 | Crear | Villager (Male) |
| 19:08 | Construir | Farm |
| 19:10 | Construir | Farm |
| 19:11 | Crear | Villager (Male) |
| 19:11 | Crear | Villager (Male) |
| 19:25 | Construir | Farm |
| 19:25 | Crear | Villager (Male) |
| 19:25 | Crear | Villager (Male) |
| 19:31 | Construir | Farm |
| 19:32 | Crear | Villager (Male) |
| 19:32 | Crear | Villager (Male) |
| 19:36 | Construir | House |
| 19:37 | Construir | House |
| 19:38 | Crear | Villager (Male) |
| 19:51 | Construir | Farm |
| 19:51 | Crear | Villager (Male) |
| 19:54 | Construir | Farm |
| 19:54 | Crear | Villager (Male) |
| 19:57 | Crear | Villager (Male) |
| 19:57 | Crear | Villager (Male) |
| 19:59 | Construir | Farm |
| 20:04 | Crear | Villager (Male) |
| 20:05 | Crear | Villager (Male) |
| 20:14 | Construir | Farm |
| 20:17 | Construir | Farm |
| 20:18 | Crear | Villager (Male) |
| 20:18 | Crear | Villager (Male) |
| 20:26 | Construir | Farm |
| 20:26 | Crear | Villager (Male) |
| 20:29 | Construir | Farm |
| 20:29 | Crear | Villager (Male) |
| 20:30 | Crear | Villager (Male) |
| 20:36 | Construir | House |
| 20:40 | Construir | House |
| 20:41 | Crear | Villager (Male) |
| 20:41 | Crear | Villager (Male) |
| 20:50 | Construir | Farm |
| 20:51 | Crear | Villager (Male) |
| 21:01 | Construir | Farm |
| 21:01 | Crear | Villager (Male) |
| 21:01 | Crear | Villager (Male) |
| 21:14 | Construir | Farm |
| 21:17 | Construir | Farm |
| 21:17 | Crear | Villager (Male) |
| 21:22 | Construir | Farm |
| 21:23 | Crear | Villager (Male) |
| 21:24 | Investigar | Wheelbarrow |
| 21:28 | Crear | Villager (Male) |
| 21:31 | Construir | House |
| 21:32 | Construir | House |
Build order — 梅子雨
Primeras 150 de 638 acciones detectadas
| 0:01 | Crear | Villager (Male) |
| 0:01 | Crear | Villager (Male) |
| 0:01 | Crear | Villager (Male) |
| 0:03 | Construir | House |
| 0:04 | Construir | House |
| 0:27 | Crear | Villager (Male) |
| 0:27 | Crear | Villager (Male) |
| 0:27 | Crear | Villager (Male) |
| 0:28 | Crear | Villager (Male) |
| 1:28 | Crear | Villager (Male) |
| 1:48 | Construir | Lumber Camp |
| 2:17 | Crear | Villager (Male) |
| 2:35 | Crear | Villager (Male) |
| 2:35 | Crear | Villager (Male) |
| 2:58 | Crear | Villager (Male) |
| 2:58 | Crear | Villager (Male) |
| 3:07 | Crear | Villager (Male) |
| 3:08 | Crear | Villager (Male) |
| 3:21 | Construir | House |
| 3:48 | Crear | Villager (Male) |
| 3:48 | Crear | Villager (Male) |
| 4:03 | Crear | Villager (Male) |
| 4:04 | Crear | Villager (Male) |
| 4:07 | Construir | Mill |
| 4:17 | Construir | House |
| 4:46 | Crear | Villager (Male) |
| 5:48 | Construir | House |
| 5:58 | Crear | Villager (Male) |
| 5:58 | Crear | Villager (Male) |
| 5:58 | Crear | Villager (Male) |
| 6:03 | Crear | Villager (Male) |
| 6:04 | Crear | Villager (Male) |
| 7:06 | Crear | Villager (Male) |
| 7:33 | Crear | Villager (Male) |
| 7:48 | Construir | Mining Camp |
| 8:29 | Investigar | Feudal Age |
| 9:22 | Crear | Villager (Male) |
| 9:36 | Construir | House |
| 9:54 | Crear | Villager (Male) |
| 10:32 | Crear | Villager (Male) |
| 10:32 | Crear | Villager (Male) |
| 10:39 | Edad | Edad Feudal |
| 10:46 | Construir | Market |
| 10:51 | Construir | Blacksmith |
| 11:41 | Investigar | Castle Age |
| 11:42 | Investigar | Castle Age |
| 11:46 | Construir | Lumber Camp |
| 12:35 | Investigar | Double-Bit Axe |
| 13:09 | Construir | House |
| 13:10 | Construir | House |
| 13:11 | Construir | House |
| 13:23 | Investigar | Horse Collar |
| 13:29 | Construir | Farm |
| 13:30 | Construir | Farm |
| 14:16 | Construir | Farm |
| 14:18 | Construir | Farm |
| 14:20 | Crear | Villager (Male) |
| 14:21 | Edad | Edad de los Castillos |
| 14:25 | Construir | Town Center |
| 14:30 | Construir | Monastery |
| 14:57 | Construir | Town Center |
| 15:03 | Crear | Villager (Male) |
| 15:10 | Crear | Villager (Male) |
| 15:34 | Construir | Farm |
| 15:37 | Construir | Farm |
| 15:37 | Construir | Farm |
| 15:38 | Construir | Farm |
| 15:39 | Construir | Farm |
| 15:42 | Crear | Villager (Male) |
| 15:46 | Construir | House |
| 15:47 | Construir | House |
| 15:48 | Construir | House |
| 15:50 | Crear | Monk |
| 15:54 | Crear | Villager (Male) |
| 15:55 | Crear | Villager (Male) |
| 15:56 | Crear | Villager (Male) |
| 16:16 | Construir | Farm |
| 16:19 | Crear | Villager (Male) |
| 16:23 | Construir | House |
| 16:24 | Construir | House |
| 16:27 | Construir | Farm |
| 16:29 | Crear | Villager (Male) |
| 16:30 | Crear | Villager (Male) |
| 16:42 | Crear | Villager (Male) |
| 16:51 | Construir | Farm |
| 16:53 | Construir | Farm |
| 16:57 | Construir | Farm |
| 16:58 | Crear | Villager (Male) |
| 17:04 | Construir | Farm |
| 17:10 | Crear | Villager (Male) |
| 17:16 | Construir | Farm |
| 17:20 | Crear | Villager (Male) |
| 17:25 | Construir | House |
| 17:26 | Construir | House |
| 17:26 | Construir | House |
| 17:27 | Construir | House |
| 17:36 | Construir | Farm |
| 17:38 | Crear | Villager (Male) |
| 17:38 | Crear | Villager (Male) |
| 18:07 | Crear | Villager (Male) |
| 18:08 | Crear | Villager (Male) |
| 18:09 | Crear | Villager (Male) |
| 18:09 | Crear | Villager (Male) |
| 18:14 | Construir | Farm |
| 18:17 | Crear | Villager (Male) |
| 18:18 | Crear | Villager (Male) |
| 18:19 | Crear | Villager (Male) |
| 18:24 | Construir | Farm |
| 18:24 | Construir | Farm |
| 18:24 | Construir | Farm |
| 18:26 | Construir | Farm |
| 18:29 | Crear | Villager (Male) |
| 18:40 | Crear | Villager (Male) |
| 18:40 | Crear | Villager (Male) |
| 18:45 | Construir | Farm |
| 18:48 | Crear | Villager (Male) |
| 18:52 | Crear | Villager (Male) |
| 19:07 | Crear | Villager (Male) |
| 19:10 | Construir | Farm |
| 19:13 | Construir | Farm |
| 19:13 | Construir | Farm |
| 19:18 | Crear | Villager (Male) |
| 19:20 | Crear | Villager (Male) |
| 19:23 | Crear | Villager (Male) |
| 19:28 | Construir | House |
| 19:30 | Construir | House |
| 19:31 | Construir | House |
| 19:32 | Construir | House |
| 19:43 | Crear | Villager (Male) |
| 19:51 | Investigar | Wheelbarrow |
| 19:51 | Investigar | Wheelbarrow |
| 20:01 | Investigar | Bow Saw |
| 20:01 | Investigar | Bow Saw |
| 20:16 | Construir | Town Center |
| 20:19 | Crear | Villager (Male) |
| 20:20 | Crear | Villager (Male) |
| 20:20 | Crear | Villager (Male) |
| 20:22 | Crear | Villager (Male) |
| 20:30 | Crear | Villager (Male) |
| 20:44 | Crear | Villager (Male) |
| 20:51 | Investigar | Heavy Plow |
| 20:57 | Crear | Villager (Male) |
| 20:57 | Crear | Villager (Male) |
| 20:58 | Crear | Villager (Male) |
| 20:59 | Crear | Villager (Male) |
| 21:03 | Crear | Villager (Male) |
| 21:04 | Crear | Villager (Male) |
| 21:27 | Construir | House |
| 21:29 | Construir | House |
| 21:30 | Construir | House |
Cronología de la partida
| 0:13 | Didi · wall_segment Palisade Wall x1 |
| 0:15 | Didi · wall_segment Palisade Wall x12 |
| 1:11 | Fluffy · wall_segment Palisade Wall x9 |
| 1:49 | 16spritecranberry · wall_segment Palisade Wall x9 |
| 1:50 | 16spritecranberry · wall_segment Palisade Wall x1 |
| 1:51 | JonnyTheMonkey · wall_segment Palisade Wall x1 |
| 1:57 | JonnyTheMonkey · wall_segment Palisade Wall x12 |
| 2:11 | JonnyTheMonkey · wall_segment Palisade Wall x1 |
| 2:12 | Didi · wall_segment Palisade Wall x1 |
| 2:14 | 16spritecranberry · wall_segment Palisade Wall x8 |
| 2:17 | JonnyTheMonkey · wall_segment Palisade Wall x1 |
| 2:20 | JonnyTheMonkey · wall_segment Palisade Wall x4 |
| 2:28 | 16spritecranberry · wall_segment Palisade Wall x1 |
| 2:54 | JonnyTheMonkey · wall_segment Palisade Wall x2 |
| 2:56 | JonnyTheMonkey · wall_segment Palisade Wall x2 |
| 2:57 | JonnyTheMonkey · wall_segment Palisade Wall x1 |
| 2:59 | JonnyTheMonkey · wall_segment Palisade Wall x1 |
| 3:01 | JonnyTheMonkey · wall_segment Palisade Wall x4 |
| 3:13 | Fluffy · wall_segment Palisade Wall x9 |
| 3:34 | JonnyTheMonkey · wall_segment Palisade Wall x1 |
| 3:45 | 16spritecranberry · wall_segment Palisade Wall x10 |
| 4:47 | Fluffy · wall_segment Palisade Wall x1 |
| 4:48 | Fluffy · wall_segment Palisade Wall x1 |
| 5:03 | Fluffy · wall_segment Palisade Wall x6 |
| 8:29 | Didi · wall_segment Palisade Wall x8 |
| 8:29 | Didi · wall_segment Palisade Wall x3 |
| 8:31 | 16spritecranberry · first_building Barracks |
| 9:38 | JonnyTheMonkey · first_building Barracks |
| 9:51 | JonnyTheMonkey · age_up feudal |
| 10:11 | Didi · wall_segment Palisade Wall x6 |
| 10:14 | Didi · wall_segment Palisade Wall x5 |
| 10:32 | 16spritecranberry · age_up feudal |
| 10:37 | 16spritecranberry · first_building Archery Range |
| 10:39 | 梅子雨 · age_up feudal |
| 10:41 | Fluffy · wall_segment Palisade Wall x3 |
| 10:42 | JonnyTheMonkey · first_building Archery Range |
| 10:51 | JB · age_up feudal |
| 10:52 | Didi · wall_segment Palisade Wall x1 |
| 10:56 | Didi · wall_segment Palisade Wall x3 |
| 10:57 | JonnyTheMonkey · wall_segment Stone Wall x2 |
| 10:58 | Didi · wall_segment Palisade Wall x7 |
| 10:59 | JonnyTheMonkey · wall_segment Stone Wall x5 |
| 11:01 | BomBomB0 · age_up feudal |
| 11:02 | JonnyTheMonkey · wall_segment Stone Wall x2 |
| 11:14 | Fluffy · wall_segment Palisade Wall x3 |
| 11:16 | Fluffy · wall_segment Palisade Wall x4 |
| 11:46 | Fluffy · wall_segment Palisade Wall x2 |
| 11:50 | Fluffy · wall_segment Palisade Wall x3 |
| 11:56 | Matzeking · age_up feudal |
| 12:05 | Didi · age_up feudal |
| 12:19 | Fluffy · age_up feudal |
| 12:31 | Fluffy · wall_segment Palisade Wall x6 |
| 12:32 | JonnyTheMonkey · wall_segment Stone Wall x1 |
| 12:39 | JonnyTheMonkey · wall_segment Stone Wall x6 |
| 12:42 | Didi · wall_segment Stone Wall x7 |
| 13:02 | Didi · wall_segment Palisade Wall x1 |
| 13:15 | Didi · wall_segment Stone Wall x1 |
| 13:16 | Didi · wall_segment Stone Wall x1 |
| 13:16 | Didi · wall_segment Stone Wall x1 |
| 13:17 | Didi · wall_segment Stone Wall x1 |
| 13:17 | Didi · wall_segment Stone Wall x1 |
| 13:26 | Didi · first_market_sell 100 stone |
| 13:30 | Fluffy · wall_segment Stone Wall x1 |
| 13:30 | Fluffy · wall_segment Stone Wall x1 |
| 13:40 | Didi · wall_segment Stone Wall x4 |
| 13:41 | Didi · wall_segment Stone Wall x1 |
| 13:41 | Didi · wall_segment Stone Wall x1 |
| 13:45 | Didi · wall_segment Stone Wall x1 |
| 14:01 | Fluffy · wall_segment Stone Wall x1 |
| 14:03 | Fluffy · wall_segment Stone Wall x1 |
| 14:03 | Fluffy · wall_segment Stone Wall x1 |
| 14:21 | 梅子雨 · age_up castle |
| 14:25 | JB · age_up castle |
| 14:30 | 梅子雨 · first_building Monastery |
| 14:31 | BomBomB0 · age_up castle |
| 14:43 | JB · first_market_buy 100 wood |
| 14:52 | BomBomB0 · first_building Monastery |
| 14:55 | Fluffy · wall_segment Stone Wall x8 |
| 15:37 | Matzeking · age_up castle |
| 15:49 | Fluffy · wall_segment Stone Wall x1 |
| 15:54 | Matzeking · first_market_buy 100 stone |
| 16:10 | Fluffy · wall_segment Stone Wall x7 |
| 16:20 | Fluffy · age_up castle |
| 17:12 | Didi · age_up castle |
| 17:14 | Didi · first_building Castle |
| 17:34 | Fluffy · first_market_buy 500 stone |
| 18:07 | JonnyTheMonkey · age_up castle |
| 18:35 | Fluffy · first_market_sell 100 food |
| 18:40 | Fluffy · first_building Castle |
| 18:47 | 梅子雨 · first_market_buy 100 stone |
| 19:09 | JonnyTheMonkey · first_building Monastery |
| 19:43 | JonnyTheMonkey · first_building Castle |
| 19:49 | JonnyTheMonkey · wall_segment Stone Wall x1 |
| 19:52 | JonnyTheMonkey · wall_segment Stone Wall x6 |
| 20:27 | JB · first_market_sell 100 wood |
| 20:44 | 16spritecranberry · wall_segment Stone Wall x5 |
| 20:50 | 16spritecranberry · wall_segment Stone Wall x8 |
| 20:55 | 16spritecranberry · wall_segment Stone Wall x2 |
| 21:32 | JonnyTheMonkey · wall_segment Stone Wall x3 |
| 21:52 | Didi · first_market_buy 100 food |
| 21:58 | Matzeking · tribute_sent a jugador 1 |
| 21:58 | Matzeking · tribute_sent a jugador 2 |
| 21:58 | Matzeking · tribute_sent a jugador 3 |
| 21:58 | Matzeking · tribute_sent a jugador 4 |
| 21:58 | Matzeking · tribute_sent a jugador 5 |
| 21:58 | Matzeking · tribute_sent a jugador 6 |
| 21:58 | Matzeking · tribute_sent a jugador 8 |
| 22:13 | Matzeking · tribute_sent a jugador 1 |
| 22:13 | Matzeking · tribute_sent a jugador 2 |
| 22:13 | Matzeking · tribute_sent a jugador 3 |
| 22:13 | Matzeking · tribute_sent a jugador 4 |
| 22:13 | Matzeking · tribute_sent a jugador 5 |
| 22:13 | Matzeking · tribute_sent a jugador 6 |
| 22:13 | Matzeking · tribute_sent a jugador 8 |
| 22:18 | Matzeking · tribute_sent a jugador 1 |
| 22:18 | Matzeking · tribute_sent a jugador 2 |
| 22:18 | Matzeking · tribute_sent a jugador 3 |
| 22:18 | Matzeking · tribute_sent a jugador 4 |
| 22:18 | Matzeking · tribute_sent a jugador 5 |
| 22:18 | Matzeking · tribute_sent a jugador 6 |
| 22:18 | Matzeking · tribute_sent a jugador 8 |
| 22:21 | JonnyTheMonkey · wall_segment Stone Wall x4 |
| 22:33 | Fluffy · first_building Siege Workshop |
| 22:34 | Matzeking · tribute_sent a jugador 1 |
| 22:34 | Matzeking · tribute_sent a jugador 2 |
| 22:34 | Matzeking · tribute_sent a jugador 3 |
| 22:34 | Matzeking · tribute_sent a jugador 4 |
| 22:34 | Matzeking · tribute_sent a jugador 5 |
| 22:34 | Matzeking · tribute_sent a jugador 6 |
| 22:34 | Matzeking · tribute_sent a jugador 8 |
| 22:48 | Matzeking · first_building Siege Workshop |
| 23:10 | Didi · wall_segment Stone Wall x8 |
| 23:15 | 16spritecranberry · age_up castle |
| 23:19 | Matzeking · tribute_sent a jugador 1 |
| 23:19 | Matzeking · tribute_sent a jugador 2 |
| 23:19 | Matzeking · tribute_sent a jugador 3 |
| 23:19 | Matzeking · tribute_sent a jugador 4 |
| 23:19 | Matzeking · tribute_sent a jugador 5 |
| 23:19 | Matzeking · tribute_sent a jugador 6 |
| 23:19 | Matzeking · tribute_sent a jugador 8 |
| 23:33 | Matzeking · tribute_sent a jugador 1 |
| 23:33 | Matzeking · tribute_sent a jugador 2 |
| 23:33 | Matzeking · tribute_sent a jugador 3 |
| 23:33 | Matzeking · tribute_sent a jugador 4 |
| 23:33 | Matzeking · tribute_sent a jugador 5 |
| 23:33 | Matzeking · tribute_sent a jugador 6 |
| 23:33 | Matzeking · tribute_sent a jugador 8 |
| 23:34 | JB · first_building Monastery |
| 23:54 | Matzeking · tribute_sent a jugador 1 |
| 23:54 | Matzeking · tribute_sent a jugador 2 |
| 23:54 | Matzeking · tribute_sent a jugador 3 |
| 23:54 | Matzeking · tribute_sent a jugador 4 |
| 23:54 | Matzeking · tribute_sent a jugador 5 |
| 23:54 | Matzeking · tribute_sent a jugador 6 |
| 23:54 | Matzeking · tribute_sent a jugador 8 |
| 24:11 | Matzeking · tribute_sent a jugador 1 |
| 24:11 | Matzeking · tribute_sent a jugador 2 |
| 24:11 | Matzeking · tribute_sent a jugador 3 |
| 24:11 | Matzeking · tribute_sent a jugador 4 |
| 24:11 | Matzeking · tribute_sent a jugador 5 |
| 24:11 | Matzeking · tribute_sent a jugador 6 |
| 24:11 | Matzeking · tribute_sent a jugador 8 |
| 24:12 | Didi · first_building Monastery |
| 24:28 | Matzeking · tribute_sent a jugador 1 |
| 24:28 | Matzeking · tribute_sent a jugador 2 |
| 24:28 | Matzeking · tribute_sent a jugador 3 |
| 24:28 | Matzeking · tribute_sent a jugador 4 |
| 24:28 | Matzeking · tribute_sent a jugador 5 |
| 24:28 | Matzeking · tribute_sent a jugador 6 |
| 24:28 | Matzeking · tribute_sent a jugador 8 |
| 24:50 | 16spritecranberry · first_market_buy 100 stone |
| 24:57 | Didi · wall_segment Stone Wall x1 |
| 24:58 | Didi · wall_segment Stone Wall x1 |
| 24:58 | Didi · wall_segment Stone Wall x1 |
| 24:59 | Didi · wall_segment Stone Wall x1 |
| 24:59 | Didi · wall_segment Stone Wall x1 |
| 25:00 | Didi · wall_segment Stone Wall x1 |
| 25:06 | BomBomB0 · first_market_sell 100 wood |
| 25:25 | Didi · age_up imperial |
| 25:34 | Matzeking · first_building Barracks |
| 25:44 | BomBomB0 · first_market_buy 100 stone |
| 25:49 | JB · first_building Barracks |
| 25:56 | JonnyTheMonkey · first_market_buy 100 wood |
| 26:02 | JonnyTheMonkey · age_up imperial |
| 26:06 | 梅子雨 · first_building Castle |
| 26:17 | BomBomB0 · wall_segment Palisade Wall x1 |
| 26:29 | JB · first_building Stable |
| 26:29 | 梅子雨 · first_building Barracks |
| 26:34 | JB · first_building Castle |
| 26:48 | JB · first_building Siege Workshop |
| 27:07 | JonnyTheMonkey · first_building Siege Workshop |
| 27:21 | Matzeking · first_building Stable |
| 27:41 | 梅子雨 · first_building Stable |
| 27:51 | Fluffy · wall_segment Stone Wall x8 |
| 28:15 | 16spritecranberry · first_market_sell 100 wood |
| 28:20 | BomBomB0 · age_up imperial |
| 28:25 | JB · age_up imperial |
| 28:42 | JonnyTheMonkey · first_market_sell 100 food |
| 29:06 | JB · tribute_sent a jugador 1 |
| 29:06 | JB · tribute_sent a jugador 2 |
| 29:06 | JB · tribute_sent a jugador 3 |
| 29:06 | JB · tribute_sent a jugador 4 |
| 29:06 | JB · tribute_sent a jugador 5 |
| 29:06 | JB · tribute_sent a jugador 7 |
| 29:06 | JB · tribute_sent a jugador 8 |
| 29:09 | BomBomB0 · first_building Castle |
| 29:19 | JB · tribute_sent a jugador 1 |
| 29:19 | JB · tribute_sent a jugador 2 |
| 29:19 | JB · tribute_sent a jugador 3 |
| 29:19 | JB · tribute_sent a jugador 4 |
| 29:19 | JB · tribute_sent a jugador 5 |
| 29:19 | JB · tribute_sent a jugador 7 |
| 29:19 | JB · tribute_sent a jugador 8 |
| 29:25 | 梅子雨 · age_up imperial |
| 30:01 | Matzeking · age_up imperial |
| 30:08 | Matzeking · first_market_sell 100 wood |
| 30:43 | Didi · wall_segment Stone Wall x9 |
| 30:44 | Didi · wall_segment Stone Wall x5 |
| 30:45 | Didi · wall_segment Stone Wall x1 |
| 30:46 | Didi · wall_segment Stone Wall x1 |
| 31:37 | Matzeking · first_building Castle |
| 31:41 | JB · tribute_sent a jugador 1 |
| 31:41 | JB · tribute_sent a jugador 2 |
| 31:41 | JB · tribute_sent a jugador 3 |
| 31:41 | JB · tribute_sent a jugador 4 |
| 31:41 | JB · tribute_sent a jugador 5 |
| 31:41 | JB · tribute_sent a jugador 7 |
| 31:41 | JB · tribute_sent a jugador 8 |
| 33:23 | BomBomB0 · first_building Barracks |
| 34:47 | JonnyTheMonkey · wall_segment Stone Wall x1 |
| 34:49 | JonnyTheMonkey · wall_segment Stone Wall x1 |
| 35:07 | Didi · first_building Barracks |
| 35:23 | JonnyTheMonkey · wall_segment Stone Wall x1 |
| 35:51 | 16spritecranberry · wall_segment Palisade Wall x1 |
| 36:37 | JB · tribute_sent a jugador 1 |
| 36:37 | JB · tribute_sent a jugador 2 |
| 36:37 | JB · tribute_sent a jugador 3 |
| 36:37 | JB · tribute_sent a jugador 4 |
| 36:37 | JB · tribute_sent a jugador 5 |
| 36:37 | JB · tribute_sent a jugador 7 |
| 36:37 | JB · tribute_sent a jugador 8 |
| 37:38 | Matzeking · tribute_sent a jugador 1 |
| 37:38 | Matzeking · tribute_sent a jugador 2 |
| 37:38 | Matzeking · tribute_sent a jugador 3 |
| 37:38 | Matzeking · tribute_sent a jugador 4 |
| 37:38 | Matzeking · tribute_sent a jugador 5 |
| 37:38 | Matzeking · tribute_sent a jugador 6 |
| 37:38 | Matzeking · tribute_sent a jugador 8 |
| 38:17 | 16spritecranberry · tribute_sent a jugador 1 |
| 38:17 | 16spritecranberry · tribute_sent a jugador 2 |
| 38:17 | 16spritecranberry · tribute_sent a jugador 4 |
| 38:17 | 16spritecranberry · tribute_sent a jugador 5 |
| 38:17 | 16spritecranberry · tribute_sent a jugador 6 |
| 38:17 | 16spritecranberry · tribute_sent a jugador 7 |
| 38:17 | 16spritecranberry · tribute_sent a jugador 8 |
| 39:06 | 16spritecranberry · wall_segment Stone Wall x12 |
| 39:45 | Matzeking · tribute_sent a jugador 1 |
| 39:45 | Matzeking · tribute_sent a jugador 2 |
| 39:45 | Matzeking · tribute_sent a jugador 3 |
| 39:45 | Matzeking · tribute_sent a jugador 4 |
| 39:45 | Matzeking · tribute_sent a jugador 5 |
| 39:45 | Matzeking · tribute_sent a jugador 6 |
| 39:45 | Matzeking · tribute_sent a jugador 8 |
| 41:36 | JonnyTheMonkey · wall_segment Palisade Wall x2 |
| 41:40 | JB · wall_segment Stone Wall x2 |
| 41:54 | JB · wall_segment Stone Wall x3 |
| 42:50 | JB · tribute_sent a jugador 1 |
| 42:50 | JB · tribute_sent a jugador 2 |
| 42:50 | JB · tribute_sent a jugador 3 |
| 42:50 | JB · tribute_sent a jugador 4 |
| 42:50 | JB · tribute_sent a jugador 5 |
| 42:50 | JB · tribute_sent a jugador 7 |
| 42:50 | JB · tribute_sent a jugador 8 |
| 43:25 | 梅子雨 · first_building Siege Workshop |
| 43:44 | Didi · first_building Archery Range |
| 44:15 | JB · wall_segment Stone Wall x1 |
| 45:55 | Fluffy · age_up imperial |
| 46:50 | Matzeking · tribute_sent a jugador 1 |
| 46:50 | Matzeking · tribute_sent a jugador 2 |
| 46:50 | Matzeking · tribute_sent a jugador 3 |
| 46:50 | Matzeking · tribute_sent a jugador 4 |
| 46:50 | Matzeking · tribute_sent a jugador 5 |
| 46:50 | Matzeking · tribute_sent a jugador 6 |
| 46:50 | Matzeking · tribute_sent a jugador 8 |
| 46:58 | Matzeking · tribute_sent a jugador 1 |
| 46:58 | Matzeking · tribute_sent a jugador 2 |
| 46:58 | Matzeking · tribute_sent a jugador 3 |
| 46:58 | Matzeking · tribute_sent a jugador 4 |
| 46:58 | Matzeking · tribute_sent a jugador 5 |
| 46:58 | Matzeking · tribute_sent a jugador 6 |
| 46:58 | Matzeking · tribute_sent a jugador 8 |
| 47:05 | Didi · first_building Siege Workshop |
| 47:46 | 16spritecranberry · first_building Siege Workshop |
| 49:46 | 16spritecranberry · tribute_sent a jugador 1 |
| 49:46 | 16spritecranberry · tribute_sent a jugador 2 |
| 49:46 | 16spritecranberry · tribute_sent a jugador 4 |
| 49:46 | 16spritecranberry · tribute_sent a jugador 5 |
| 49:46 | 16spritecranberry · tribute_sent a jugador 6 |
| 49:46 | 16spritecranberry · tribute_sent a jugador 7 |
| 49:46 | 16spritecranberry · tribute_sent a jugador 8 |
| 50:57 | Fluffy · resign |
[ ANÁLISIS IA · 1 CRÉDITO ]
¿Qué pasó realmente en esta partida?
Wolo.gg analiza cada decisión: build order, eco, micro, errores típicos por bracket. Análisis personalizado por WhatsApp o Discord en 30 segundos.
Guía civ
Mongoles
Perfil
Jugador #6785478